 Dungeon Crawl Stone Soup version 0.27.0-1-g7a089689b8 (webtiles) character file.

Game seed: 14565989988982677693

48 avis the Insei (level 3, -3/24 HPs)
             Began as an Octopode Transmuter on Aug 2, 2021.
             Slain by a gnoll (4 damage)
             ... on level 3 of the Dungeon.
             The game lasted 00:09:19 (2274 turns).

avis the Insei (Octopode Transmuter)                Turns: 2274, Time: 00:09:20

Health: -3/24      AC:  1    Str: 10    XL:     3   Next: 72%
Magic:  14/15      EV: 13    Int: 15    God:
Gold:   78         SH:  0    Dex: 12    Spells: 2/6 levels left

rFire    . . .     SeeInvis .   b - +0 hunting sling
rCold    . . .     Faith    .   (no shield)
rNeg     + . .     Spirit   .   (helmet currently unavailable)
rPois    .         Reflect  .   (no amulet)
rElec    .         Harm     .   a - ring of positive energy
rCorr    .         Rampage  .   l - ring of magical power
Will     .....                  (no ring)
Stlth    +++.......             (no ring)
HPRegen  0.08/turn              (no ring)
MPRegen  0.14/turn              (no ring)
                                (no ring)
                                (no ring)

@: appendages
A: tentacle spike 3, almost no armour, amphibious, 8 rings, camouflage 1,
gelatinous body 1, (nimble swimmer 1), tentacles
a: End Transformation


You were on level 3 of the Dungeon.
One of your tentacles had grown a beastly spike.
You visited 1 branch of the dungeon, and saw 3 of its levels.

You collected 78 gold pieces.

Inventory:

Hand Weapons
 b - a +0 hunting sling (weapon)
Missiles
 c - 50 arrows
 e - 62 stones
 f - 37 sling bullets (quivered ammo)
 j - 4 javelins
 k - 25 bolts
Jewellery
 a - a ring of positive energy (left tentacle)
 l - a ring of magical power (right tentacle)
Scrolls
 g - a scroll of summoning {unknown}
 h - 2 scrolls of fear {unknown}
 i - a scroll of teleportation {unknown}
Potions
 d - 2 potions of curing {unknown}


   Skills:
 - Level 2.0 Fighting
 - Level 2.0 Dodging
 - Level 2.0 Stealth
 + Level 3.3 Unarmed Combat
 - Level 2.0 Spellcasting
 - Level 2.0 Transmutations
 - Level 2.0 Poison Magic


You had 2 spell levels left.
You knew the following spells:

 Your Spells              Type           Power      Damage    Failure   Level
a - Beastly Appendage     Tmut           14%        N/A       10%         1
p - Spider Form           Tmut/Pois      3%         N/A       28%         3

Your spell library contained the following spells:

 Spells                   Type           Power      Damage    Failure   Level
 Sting                    Tmut/Pois      28%        1d4       10%         1
 Wereblood                Tmut           7%         N/A       14%         2
 Ice Form                 Ice/Tmut       4%         N/A       82%         4


Dungeon Overview and Level Annotations

Branches:
Dungeon (3/15)

Altars:


Innate Abilities, Weirdness & Mutations

One of your tentacles has grown a beastly spike.
You cannot wear most types of armour.
You are amphibious.
You can wear up to eight rings at the same time.
Your skin changes colour to match your surroundings (Stealth+).
Your rubbery body absorbs attacks. (AC +1, EV +1)
((You are camouflaged near water. (Stealth+)))
You have tentacles for arms and can constrict up to eight enemies at once.


Message History

e - 62 stones (gained 15)
You now have 78 gold pieces (gained 11).
There is a stone staircase leading up here.
There is an escape hatch in the ceiling here.
A mysterious force pulls you upwards. The hatch slams shut behind you.
There is an open door here.
Magic restored.
There is a stone staircase leading down here.
There is a stone staircase leading down here.
Casting: Spider Form (extremely dangerous; 28% risk of failure)
Confirm with . or Enter, or press ? or * to list all spells.
One of your tentacles grows a vicious spike.
You climb downwards.
There is a stone staircase leading up here.
You climb upwards.
Your transformation is almost over.
There is a stone staircase leading down here.
You open the door.
There is an open door here.
Your tentacle spike disappears.
There is a stone staircase leading down here.
Casting: Beastly Appendage (safe; 10% risk of failure)
Confirm with . or Enter, or press ? or * to list all spells.
One of your tentacles grows a vicious spike.
You climb downwards. 3 gnolls, 4 orcs and an orc priest come into view.
The orc shouts!
The gnoll shouts!
The orc shouts!
The orc priest shouts!
The gnoll shouts!
The orc shouts!
The orc priest hits you with a +0 whip. The orc misses you.
The orc barely misses you.
The gnoll hits you from afar with a +0 spear.
The orc hits you with a +0 war axe! The orc priest barely misses you.
The gnoll shouts!
Found two ring mails.
There is a stone staircase leading up, spattered with blood here.
The gnoll hits you with a +0 flail!
* * * LOW HITPOINT WARNING * * *
The orc misses you.
The gnoll hits you from afar with a +0 spear.
You die...

#..........#
#..........#
#..........# ..........#
#........#
##[.......##########
####...o..............##
......g@.......#........
####..oog...............
#.oog.......#........
#....................
..#........###........
##..#...[..###.........
##...####.............
.... ..###........
#........


You could see an orc priest, 3 gnolls and 4 orcs.

Vanquished Creatures
  An adder (D:3)
  5 ball pythons
  An endoplasm (D:1)
  A giant cockroach (D:1)
  A goblin (D:1)
  2 hobgoblins (D:1)
  8 jackals (D:1)
  2 quokkas (D:1)
  6 bats
  7 frilled lizards
  2 kobolds
  A rat (D:2)
37 creatures vanquished.

Notes
Turn   | Place    | Note
-------+----------+-------------------------------------------
     0 | D:1      | avis the Octopode Transmuter began the quest for the Orb.
     0 | D:1      | Reached XP level 1. HP: 13/13 MP: 3/3
    94 | D:1      | Reached skill level 1 in Stealth
   107 | D:1      | Reached XP level 2. HP: 1/18 MP: 3/5
   747 | D:1      | Reached skill level 1 in Poison Magic
   766 | D:1      | Reached XP level 3. HP: 24/24 MP: 4/6
   770 | D:1      | Learned a level 3 spell: Spider Form
   889 | D:1      | Found a faded altar of an unknown god.
   915 | D:1      | Got Plato's Collected Works on Poison
  2274 | D:3      | HP: 1/24 [gnoll (7)]
  2274 | D:3      | Slain by a gnoll

Illustrated notes

Levels and vault maps discovered:
D:1:      heliophobic_arrival_dark_side_of_the_moon, layout_basic,
          shapermc_ecumenical_altar_rom_forum, minmay_lizard_pond
D:2:      layout_loops_corners
D:3:      layout_rooms, gammafunk_ghost_split, kennysheep_path_1

Skill      XL: |  1  2  3 |
---------------+----------+-----
Stealth        | 2 |  2.0
Fighting       | 2 |  2.0
Poison Magic   | 1 2 |  2.0
Dodging        | |  2.0
Unarmed Combat | |  3.3
Spellcasting   | |  2.0
Transmutations | |  2.0

Action                   || total
-------------------------++-------
Melee: Unarmed           ||    62
       Constrict         ||    15
       Kick              ||    10
       Tentacles         ||    12
 Fire: Hunting sling     ||     3
 Cast: Beastly Appendage ||    26
       Spider Form       ||     1
 Stab: Sleeping          ||     7
Armor: Skin              ||     5
Dodge: Dodged            ||    37
